 Dungeon Crawl Stone Soup version 0.30-a0-793-g160f7cfddd (webtiles) character file.

Game seed: 10698379037748670507

292 Aneyh the Trooper (level 6, -9/42 HPs)
             Began as a Tengu Monk on Feb 19, 2023.
             Shot with an arrow by a centaur (13 damage)
             ... on level 4 of the Dungeon.
             The game lasted 00:04:44 (3213 turns).

Aneyh the Trooper (Tengu Monk)                      Turns: 3213, Time: 00:04:44

Health: -9/42      AC:  4    Str: 19    XL:     6   Next: 33%
Magic:  7/7        EV: 16    Int: 11    God:
Gold:   140        SH:  0    Dex: 22    Spells: 5/5 levels left

rFire   . . .      SeeInvis .    x - +3 short sword
rCold   . . .      Faith    .    (no shield)
rNeg    . . .      Spirit   .    i - +0 leather armour
rPois   .          Reflect  .    (helmet restricted)
rElec   .          Harm     .    (no cloak)
rCorr   .          Rampage  .    w - +0 pair of gloves
Will    .....                    (boots unavailable)
Stlth   ++                       k - amulet of magic regeneration
HPRegen 0.27/turn                e - +6 ring of strength
MPRegen 0.50/turn                n - +6 ring of dexterity

@: flying quickly and evasively, quick
A: beak, talons 3, nimble flight
a: no special abilities


You were on level 4 of the Dungeon.
You visited 1 branch of the dungeon, and saw 4 of its levels.

You collected 140 gold pieces.

Inventory:

Hand Weapons
 a - a +0 mace
 x - a +3 short sword (weapon)
Armour
 b - a +0 robe
 i - a +0 leather armour (worn)
 w - a +0 pair of gloves (worn)
Magical Staves
 s - a staff of fire
Jewellery
 e - a +6 ring of strength (left hand)
 k - an amulet of magic regeneration (around neck)
 n - a +6 ring of dexterity (right hand)
 u - a +6 ring of strength
Scrolls
 f - 2 scrolls of amnesia {unknown}
 g - 6 scrolls of identify {unknown}
 h - a scroll of enchant weapon {unknown}
 l - 3 scrolls of teleportation {unknown}
 q - a scroll of vulnerability {unknown}
 t - a scroll of fear {unknown}
 v - a scroll of immolation {unknown}
Potions
 c - a potion of ambrosia
 d - 2 potions of curing {unknown}
 j - a potion of might {unknown}
 m - a potion of brilliance {unknown}
 o - a potion of degeneration {unknown}
 p - a potion of lignification {unknown}
 r - a potion of magic {unknown}


   Skills:
 + Level 6.9 Fighting
 - Level 3.2 Maces & Flails
 - Level 3.2 Dodging
 - Level 2.0 Stealth


You had 5 spell levels left.
You didn't know any spells.
Your spell library contained the following spells:

 Spells                   Type           Power      Damage    Failure   Level
 Cigotuvi's Dreadful Rot  Necr/Pois/Air  0%         N/A       54%         2
 Animate Dead             Necr           0%         N/A       99%         4
 Dispel Undead            Necr           0%         3d6       99%         4
 Borgnjor's Vile Clutch   Necr/Erth      0%         N/A       100%        5
 Death Channel            Necr           0%         N/A       100%        6


Dungeon Overview and Level Annotations

Branches:
Dungeon (4/15)
 Temple: D:4-7

Altars:

Shops:
D:2 (

Annotations:
D:2 1 runed translucent door, Crazy Yiuf


Innate Abilities, Weirdness & Mutations

You have a beak for a mouth.
You have claws for feet.
Your magical nature lets you fly swiftly and evasively.


Message History

A scorpion comes into view.
Nothing quivered! 2 endoplasms come into view.
An iguana and a hobgoblin come into view.
The iguana hisses angrily.
The hobgoblin moves out of view.
You see here 4 javelins.
y - 4 javelins The endoplasm quivers.
You throw a javelin. The endoplasm quivers.
The javelin pierces through the scorpion!
The scorpion is heavily wounded.
A hobgoblin comes into view.
The scorpion closely misses you.
The hobgoblin shouts!
You hit the scorpion. You claw the scorpion.
You kill the scorpion!
You throw a javelin.
The javelin pierces through the endoplasm!
You kill the endoplasm!
You throw a javelin.
The javelin pierces through the hobgoblin!
You kill the hobgoblin!
A centaur comes into view.
You throw a javelin.
The javelin pierces through the hobgoblin!
You kill the hobgoblin!
The javelin pierces through the plant but does no damage.
You hear a splash.
The centaur wields a +0 shortbow.
The centaur shoots an arrow.
The arrow hits you!
The centaur shoots an arrow.
The arrow hits you!
The centaur shoots an arrow.
The arrow hits you!
The centaur shoots an arrow.
The arrow hits you!
* * * LOW HITPOINT WARNING * * *
The centaur shoots an arrow.
The arrow misses you.
A centaur opens the door.
The endoplasm jiggles.
The centaur shoots an arrow.
The arrow hits you!
You die...

#.#####.......#
♣♣♣♣♣....'.......+
♣♣~~~P~Pc~~~.......
♣~≈≈≈~~~PJP~.......
♣♣≈≈≈≈~~~~P~P.......
♣♣~~≈≈≈~~~~~~~.......
♣~P~≈≈≈≈~P~~~........
♣~P~≈≈≈≈≈~~~~..†#####
♣~~≈@≈≈≈≈~~P~...#####
♣P~~≈≈≈≈~~~PP........
♣♣~~≈≈≈≈~~P~~........
♣♣♣~~~PPP~~~........
♣♣♣~~~~P~~~.......
♣♣♣.............
.............
########.....
#########.....


You could see a centaur and an endoplasm.

Vanquished Creatures
  A phantom (D:4)
  A scorpion (D:4)
  9 adders
  3 dart slugs
  2 orcs (D:3)
  6 endoplasms
  4 giant cockroaches
  11 goblins
  11 hobgoblins
  2 jackals (D:2)
  6 kobolds
  A quokka (D:1)
  2 ball pythons
  3 bats
  A frilled lizard (D:1)
  6 rats
69 creatures vanquished.

Vanquished Creatures (others)
  4 toadstools (D:1)
4 creatures vanquished.

Grand Total: 73 creatures vanquished

Notes
Turn   | Place    | Note
-------+----------+-------------------------------------------
     0 | D:1      | Aneyh the Tengu Monk began the quest for the Orb.
     0 | D:1      | Reached XP level 1. HP: 14/14 MP: 2/2
    78 | D:1      | Reached XP level 2. HP: 19/19 MP: 3/3
   376 | D:1      | Reached skill level 4 in Fighting
   502 | D:1      | Reached XP level 3. HP: 24/24 MP: 4/4
  1244 | D:2      | Found Lacw's Weapon Shoppe.
  1381 | D:2      | Reached XP level 4. HP: 27/30 MP: 5/5
  1403 | D:2      | Found a faded altar of an unknown god.
  1528 | D:2      | Reached skill level 5 in Fighting
  2015 | D:2      | Found a runed translucent door.
  2016 | D:2      | Noticed Crazy Yiuf
  2398 | D:3      | Gained mutation: Your magical nature lets you fly swiftly
                  | and evasively. [Tengu growth]
  2398 | D:3      | Reached XP level 5. HP: 27/35 MP: 6/6
  3177 | D:4      | Noticed a phantom
  3184 | D:4      | Killed a phantom
  3185 | D:4      | Reached skill level 6 in Fighting
  3185 | D:4      | Reached XP level 6. HP: 42/42 MP: 7/7
  3202 | D:4      | HP: 2/42 [centaur/arrow (13)]
  3213 | D:4      | Shot with an arrow by a centaur

Illustrated notes

Levels and vault maps discovered:
D:1:      ldierk_walled_garden_2, layout_basic
D:2:      layout_loops_ring, chequers_ecumenical_altar_simple_redux,
          serial_shops, nicolae_shop_statue_plus, amcnicky_mini_pool_small,
          kennysheep_boxes, uniq_crazy_yiuf_cottage
D:3:      minmay_skewed_foursquare, layout_basic, kennysheep_crisscross,
          dreamdust_mushroom_princess
D:4:      layout_basic, mainiacjoe_overflow_catwalk, serial_bayou,
          serial_bayou_pond_b, serial_bayou_shore_b, serial_bayou_shore_a,
          serial_bayou_lagoon_a, serial_bayou_pond_e

Skill      XL: |  1  2  3  4  5 |
---------------+----------------+-----
Fighting       | 4 5 6 |  6.9
Maces & Flails | |  3.2
Dodging        | |  3.2
Stealth        | |  2.0

Action                     |  1- 3 |  4- 6 || total
---------------------------+-------+-------++-------
  Melee: Mace              |    81 |    59 ||   140
         Peck              |     7 |    13 ||    20
         Kick              |    15 |    19 ||    34
         Punch             |       |     2 ||     2
         Short sword       |       |     7 ||     7
  Throw: Javelin           |       |     8 ||     8
   Stab: Sleeping          |     8 |     7 ||    15
 Armour: Robe              |    12 |     2 ||    14
         Leather armour    |       |     2 ||     2
  Dodge: Dodged            |    54 |    42 ||    96

Table legend: (Time is in decaauts)
 A = Elapsed time spent in this place.
 B = Non-inter-level travel time spent in this place.
 C = Inter-level travel time spent in this place.
 D = Time resting spent in this place.
 E = Time spent auto-exploring this place.
 F = Levels seen in this place.
 G = Mean time per level.
                   A        B        C        D        E       F      G
               +--------+--------+--------+--------+--------+-----+--------+
         Total |   3182 |   3125 |     57 |    163 |   2402 |   4 |  795.5 |
       Dungeon |   3182 |   3125 |     57 |    163 |   2402 |   4 |  795.5 |
               +--------+--------+--------+--------+--------+-----+--------+

Top non-repeatable levels by time:
     D:2: 1165 daAuts
     D:1: 1107 daAuts
     D:3: 740 daAuts
     D:4: 168 daAuts
